 Dungeon Crawl Stone Soup version 0.27-a0-1136-g0b992a5a9d (webtiles) character file.

Game seed: 1421929919442841959

417 jestyr24 the Covered (level 6, 0/56 HPs)
             Began as a Minotaur Fighter on May 4, 2021.
             Was a Follower of Okawaru.
             Slain by an orc wizard
             ... wielding a +0 dagger
              (1 damage)
             ... on level 4 of the Dungeon.
             The game lasted 00:08:24 (3010 turns).

jestyr24 the Covered (Minotaur Fighter)             Turns: 3010, Time: 00:08:25

Health: 0/56       AC:  9    Str: 23    XL:     6   Next: 61%
Magic:  5/5        EV:  8    Int:  5    God:    Okawaru [*.....]
Gold:   115        SH: 10    Dex:  9    Spells: 5/5 levels left

rFire    . . .     SeeInvis .   a - +0 long sword
rCold    . . .     Faith    .   c - +0 kite shield
rNeg     . . .     Spirit   .   b - +0 scale mail
rPois    .         Reflect  .   (helmet restricted)
rElec    .         Harm     .   n - +1 cloak
rCorr    .         Rampage  .   (no gloves)
Will     .....                  (no boots)
Stlth    ..........             (no amulet)
HPRegen  0.18/turn              (no ring)
MPRegen  0.09/turn              (no ring)

@: no status effects
A: horns 2, retaliatory headbutt
a: Renounce Religion, Heroism


You were on level 4 of the Dungeon.
You worshipped Okawaru.
Okawaru was aware of your devotion.
You visited 2 branches of the dungeon, and saw 5 of its levels.

You collected 115 gold pieces.

Inventory:

Hand Weapons
 a - a +0 long sword (weapon)
 m - a +4 quarterstaff of chaos
Missiles
 f - 7 boomerangs
 i - 40 poisoned darts
 p - 4 atropa-tipped darts (quivered)
Armour
 b - a +0 scale mail (worn)
 c - a +0 kite shield (worn)
 n - a +1 cloak (worn)
Scrolls
 d - 2 scrolls of summoning {unknown}
 e - a scroll of noise {unknown}
 j - a scroll of vulnerability {unknown}
 l - a scroll of identify {unknown}
 o - a scroll of teleportation {unknown}
Potions
 g - a potion of heal wounds {unknown}
 h - a potion of brilliance {unknown}
 k - a potion of degeneration {unknown}


   Skills:
 * Level 5.3 Fighting
 * Level 4.9 Long Blades
 + Level 0.6 Throwing
 * Level 5.7 Armour
 + Level 0.5 Dodging
 * Level 5.0 Shields


You had 5 spell levels left.
You didn't know any spells.
Your spell library contained the following spells:

 Spells                   Type           Power      Damage    Failure   Level
 Sting                    Tmut/Pois      0%         1d3       99%         1
 Poisonous Vapours        Pois/Air       0%         N/A       100%        2
 Ignite Poison            Fire/Tmut/Pois 0%         N/A       100%        3
 Mephitic Cloud           Conj/Pois/Air  0%         N/A       100%        3
 Olgreb's Toxic Radiance  Pois           0%         N/A       100%        4


Dungeon Overview and Level Annotations

Branches:
Dungeon (4/15)             Temple (1/1) D:4

Altars:
Ashenzari
Cheibriados
Dithmenos
Elyvilon
Fedhas
Gozag
Hepliaklqana
Kikubaaqudgha
Makhleb
Nemelex Xobeh
Okawaru
Qazlal
Ru
Sif Muna
Uskayaw
Vehumet
Wu Jian
Xom
Zin
The Shining One

Shops:
D:2 !:*


Innate Abilities, Weirdness & Mutations

You have a pair of horns on your head.
You reflexively headbutt those who attack you in melee.


Message History

The ogre closely misses you.
You hear some strange, mumbled words.
Something tries to affect you, but you resist.
The ogre closely misses you.
You riposte.
You hit the ogre but do no damage. You headbutt the ogre.
You kill the ogre!
Okawaru is honoured by your kill.
You can now gain great but temporary skills.
Your Shields skill increases to level 5!
Something hits you but does no damage. You block something's attack.
Items here: ))) †††.
You miss something. Something hits you.
* * * LOW HITPOINT WARNING * * *
The endoplasm freezes you.
You are frozen.
* * * LOW HITPOINT WARNING * * *
Something hits you but does no damage.
You miss something. You headbutt something. You block something's attack.
The endoplasm hits you but does no damage.
You block something's attack. Something hits you.
* * * LOW HITPOINT WARNING * * *
The endoplasm freezes you.
You are frozen.
* * * LOW HITPOINT WARNING * * *
You slash something! Okawaru accepts your kill.
Reactivating autopickup.
You feel a bit more experienced. Something hits you but does no damage.
Deactivating autopickup; reactivate with Ctrl-A.
You block the endoplasm's attack. Something hits you but does no damage.
You barely miss something. Your headbutt misses something.
The endoplasm barely misses you. You furiously retaliate!
You headbutt the endoplasm, but do no damage.
Something hits you but does no damage.
You miss something. The endoplasm freezes you.
You are frozen.
* * * LOW HITPOINT WARNING * * *
Something hits you.
You die...

... .. .... ... .
... ... .(##.# .#
..#.# .# #.#.# .# ..
#...# .# (...##J{#
.# ......)@# .#
....#.#(# .#### .
#.#># ....# #.#.#
###.### #.###.#.# #
#.†.# #..>....#####
###.########.......#
#............###.#
##########.#...#.#


You could see an endoplasm.

Vanquished Creatures
  2 ogres (D:4)
  A bullfrog (D:4)
  Crazy Yiuf (D:2)
  Natasha (D:2)
  An orc wizard (D:4)
  4 adders (D:2)
  An ufetubus (D:4)
  2 dart slugs (D:2)
  An orc (D:4)
  7 ball pythons
  4 bats
  5 endoplasms
  2 giant cockroaches
  4 goblins
  8 hobgoblins
  7 jackals
  5 kobolds
  3 quokkas
  A frilled lizard (D:1)
  3 rats
63 creatures vanquished.

Vanquished Creatures (others)
  A jackal (D:4)
1 creature vanquished.

Grand Total: 64 creatures vanquished

Notes
Turn   | Place    | Note
-------+----------+-------------------------------------------
     0 | D:1      | jestyr24 the Minotaur Fighter began the quest for the Orb.
     0 | D:1      | Reached XP level 1. HP: 19/19 MP: 0/0
    96 | D:1      | Reached XP level 2. HP: 27/27 MP: 1/1
   722 | D:2      | Found Komis's Distillery.
   722 | D:2      | Found Cafyan's Book Emporium.
   745 | D:2      | Reached XP level 3. HP: 14/33 MP: 2/2
  1227 | D:2      | Reached XP level 4. HP: 41/41 MP: 3/3
  1234 | D:2      | Noticed Natasha
  1242 | D:2      | Killed Natasha
  1281 | D:2      | Found Pughyll's General Store.
  1560 | D:2      | Found a runed translucent door.
  1561 | D:2      | Noticed Crazy Yiuf
  1800 | D:2      | Killed Crazy Yiuf
  1801 | D:2      | Reached XP level 5. HP: 17/47 MP: 0/4
  2699 | D:4      | Found a staircase to the Ecumenical Temple.
  2709 | Temple   | Entered the Ecumenical Temple
  2841 | Temple   | Became a worshipper of Warmaster Okawaru
  2900 | D:4      | Reached skill level 5 in Fighting
  2900 | D:4      | Reached skill level 5 in Armour
  2984 | D:4      | Noticed an ogre
  2984 | D:4      | Noticed an ogre
  2994 | D:4      | Killed an ogre
  2995 | D:4      | Reached XP level 6. HP: 38/56 MP: 5/5
  3004 | D:4      | Reached * piety under Okawaru
  3005 | D:4      | Reached skill level 5 in Shields
  3010 | D:4      | HP: 1/56 [frozen (5)]
  3010 | D:4      | Slain by an orc wizard

Illustrated notes

Levels and vault maps discovered:
D:1:      wheals_arrival_linesprint, layout_rooms
D:2:      minmay_recursive_quarters, layout_basic, serial_shops,
          nicolae_shop_crystal, shop, shop, uniq_natasha,
          uniq_crazy_yiuf_cottage
D:3:      layout_loops_cross, kennysheep_cross_room, minmay_distorted
D:4:      layout_basic, yredelemnul_altar_generic, minmay_temple_entry_trees,
          serial_shops, shop, lemuel_old_faithful
Temple:   regret_index_temple_chain_breaker

Skill      XL: |  1  2  3  4  5  6 |
---------------+-------------------+-----
Shields        | 4 5 |  5.0
Fighting       | 4 5 |  5.3
Armour         | 4 5 |  5.7
Long Blades    | 3 4 |  4.9
Throwing       | |  0.6
Dodging        | |  0.5

Action                   |  1- 3 |  4- 6 || total
-------------------------+-------+-------++-------
Melee: Long sword        |    55 |    80 ||   135
       Headbutt          |    12 |    15 ||    27
Throw: Boomerang         |    15 |     6 ||    21
       Dart              |       |     4 ||     4
  Use: Potion            |     1 |       ||     1
Armor: Scale mail        |    45 |    44 ||    89
Dodge: Dodged            |    29 |    29 ||    58
Block: Kite shield       |    33 |    48 ||    81
       Rpst.: Long sword |     9 |     5 ||    14

Table legend: (Time is in decaauts)
 A = Elapsed time spent in this place.
 B = Non-inter-level travel time spent in this place.
 C = Inter-level travel time spent in this place.
 D = Time resting spent in this place.
 E = Time spent auto-exploring this place.
 F = Levels seen in this place.
 G = Mean time per level.
                   A        B        C        D        E       F      G
               +--------+--------+--------+--------+--------+-----+--------+
         Total |   3081 |   2927 |    154 |    394 |   1996 |   5 |  616.2 |
       Dungeon |   2906 |   2772 |    134 |    394 |   1872 |   4 |  726.5 |
        Temple |    174 |    154 |     20 |      0 |    124 |   1 |  174.0 |
               +--------+--------+--------+--------+--------+-----+--------+

Top non-repeatable levels by time:
     D:2: 1165 daAuts
     D:1: 907 daAuts
     D:3: 683 daAuts
  Temple: 174 daAuts
     D:4: 149 daAuts
